AoeStats
← schmeno

Arena

509764643Analyzed
3v3 RM · 5d ago on Sep 27, 2026· 35m 18s· 6 players
Game mode
Random Map
Map size
Normal (6 player)
Population
200
Speed
Normal
Resources
Standard
Victory
Conquest
Starting age
Dark Age
Ending age
Imperial Age
RankedLock teamsTeams togetherTeam positionsShared explorationLock speedFull tech treeHidden civsTurbo modeCheats
Victory
Defeat
🇧🇷 Persians · Brazil
1121
+15
🇧🇷 Turks · Brazil
1101
+16
🇧🇷 Portuguese · Brazil
1087
+17
🇺🇸 Danes · United States
1153
-17
🇺🇸 Franks · United States
1147
-18
🇺🇸 Italians · United States
1022
-13
apyrupa_LimaH
11:01 Feudal Age
15:12 Castle Age
15:39 Loom
18:14 Double-Bit Axe
18:23 Gold Mining
19:10 Wheelbarrow
19:14 Bow Saw
20:53 Horse Collar
26:21 Imperial Age
25:43 Heavy Plow
28:16 Chemistry
30:55 Forging
30:45 Scale Mail Armor
30:57 Scale Barding Armor
32:37 Two-Man Saw
32:20 Crop Rotation
31:37 Pikeman
32:56 Iron Casting
32:36 Chain Mail Armor
34:07 Chemistry
33:28 Ballistics
33:23 Fortified Wall
33:09 Murder Holes
34:19 Halberdier
apyrupa_NoMercy
11:23 Feudal Age
12:25 Horse Collar
12:34 Double-Bit Axe
19:08 Gold Mining
20:37 Wheelbarrow
27:24 Castle Age
27:41 Scale Barding Armor
28:00 Bloodlines
28:47 Bow Saw
28:51 Husbandry
29:14 Chain Barding Armor
30:54 Forging
32:12 Iron Casting
33:38 Gold Shaft Mining
32:55 Stone Mining
33:08 Heavy Plow
APY_TIAGO
10:33 Feudal Age
12:15 Double-Bit Axe
14:48 Castle Age
16:22 Gold Mining
19:06 Imperial Age
Tired Cock
10:38 Feudal Age
14:52 Castle Age
12:45 Double-Bit Axe
12:42 Horse Collar
17:41 Bow Saw
19:07 Heavy Plow
19:02 Fletching
22:25 Bodkin Arrow
22:49 Squires
25:43 Elite Skirmisher
Simon Nelson Cook
11:35 Feudal Age
13:05 Double-Bit Axe
15:46 Castle Age
15:30 Horse Collar
15:44 Fletching
17:03 Bow Saw
16:44 Loom
21:49 Redemption
27:53 Imperial Age
25:52 Scale Mail Armor
26:31 Bodkin Arrow
27:21 Forging
30:32 Squires
32:22 Iron Casting
32:03 Chain Mail Armor
schmeno
10:18 Feudal Age
14:08 Castle Age
12:04 Double-Bit Axe
15:00 Bow Saw
16:50 Loom
18:35 Wheelbarrow
20:02 Town Watch
20:57 Gold Mining
23:02 Scale Barding Armor
23:29 Husbandry
23:38 Scale Barding Armor
23:43 Forging
24:39 Chain Barding Armor
32:44 Imperial Age
30:43 Masonry
30:44 Fortified Wall
30:55 Ballistics
31:36 Iron Casting
32:47 Cavalier
34:04 Plate Barding Armor
35:50 Blast Furnace
Connection lost

Rejoining the realm…

Still unreachable

The connection could not be restored.

Session expired

The server has moved on; the page needs a fresh start.